 Dungeon Crawl Stone Soup version 0.26.1-2-gb8aa6d0 (webtiles) character file.

Game seed: 400158385534148174

29 Geeful the Sneak (level 3, 0/26 HPs)
             Began as an Octopode Delver on Apr 7, 2021.
             Succumbed to an adder's poison
             ... on level 4 of the Dungeon.
             The game lasted 00:02:11 (423 turns).

Geeful the Sneak (Octopode Delver)                   Turns: 423, Time: 00:02:12

Health: 0/26       AC:  1    Str: 11    XL:     3   Next: 16%
Magic:  4/4        EV: 14    Int: 19    God:
Gold:   0          SH:  0    Dex: 13    Spells: 4/4 levels left

rFire    . . .     SeeInvis .   h - +4 flail
rCold    . . .     Faith    .   (no shield)
rNeg     . . .     Spirit   .   (helmet restricted)
rPois    .         Reflect  .   (no amulet)
rElec    .         Harm     .   i - +6 ring of intelligence
rCorr    .         Rampage  .   (no ring)
Will     .....                  (no ring)
Stlth    ++++......             (no ring)
HPRegen  0.08/turn              (no ring)
MPRegen  0.09/turn              (no ring)
                                (no ring)
                                (no ring)

@: lethally poisoned (0 -> -6), hasted, very quick
A: almost no armour, stealthy swim, amphibious, 8 rings, constrict 8, camouflage
1, gelatinous body 1
a: no special abilities


You were on level 4 of the Dungeon.
You visited 1 branch of the dungeon, and saw 3 of its levels.

Inventory:

Hand Weapons
 a - a +0 short sword
 h - a +4 flail (weapon)
Jewellery
 i - a +6 ring of intelligence (left tentacle)
Wands
 f - a wand of digging (3)
Scrolls
 b - a scroll of fog
 c - a scroll of magic mapping
 d - 4 scrolls of fear
 g - a scroll of enchant weapon {unknown}


   Skills:
 + Level 3.3 Fighting
 - Level 2.0 Short Blades
 + Level 2.4 Dodging
 + Level 6.9 Stealth
 + Level 1.0 Spellcasting


You had 4 spell levels left.
You didn't know any spells.
Your spell library was empty.

Dungeon Overview and Level Annotations

Branches:
Dungeon (6/15)
 Temple: D:4-7

Altars:


Innate Abilities, Weirdness & Mutations

You cannot wear most types of armour.
You are very stealthy in the water. (Stealth+)
You are amphibious.
You can wear up to eight rings at the same time.
You can use your tentacles to constrict eight enemies at once.
Your skin changes colour to match your surroundings (Stealth+).
Your rubbery body absorbs attacks. (AC +1, EV +1)


Message History

You kill the adder!
You feel sick.
The gnoll hits you from afar with a +0 spear!
* * * LOW HITPOINT WARNING * * *
Your Spellcasting skill increases to level 1!
You have reached level 3!
Your experience leads to an increase in your attributes!
Your base attributes are Str 11, Int 12, Dex 13.
Increase (S)trength, (I)ntelligence, or (D)exterity?
You feel clever.
You feel yourself speed up.
* * * LOW HITPOINT WARNING * * *
You feel sick.
The gnoll hits you from afar with a +0 spear.
* * * LOW HITPOINT WARNING * * *
You barely miss the gnoll. You grab the gnoll. You constrict the gnoll.
The gnoll closely misses you.
You thump the gnoll! You squeeze the gnoll.
You kill the gnoll!
You die...

#...#....##
#...#....#
#...#....#
#####....#
#....#
#....#
#....#
#...)#
#...@#
#....#
######


There were no monsters in sight!

Vanquished Creatures
  An adder (D:4)
  A gnoll (D:4)
  An ufetubus (D:6)
  6 orcs (D:6)
  A quokka (D:6)
10 creatures vanquished.

Notes
Turn   | Place    | Note
-------+----------+-------------------------------------------
     0 | D:5      | Geeful the Octopode Delver began the quest for the Orb.
     0 | D:5      | Reached XP level 1. HP: 16/16 MP: 1/1
   120 | D:6      | Reached XP level 2. HP: 21/21 MP: 2/2
   420 | D:4      | Reached skill level 1 in Spellcasting
   420 | D:4      | Reached XP level 3. HP: 4/26 MP: 4/4
   420 | D:4      | HP: 1/26 [gnoll/+0 spear (2)]
   423 | D:4      | Succumbed to an adder's poison

Illustrated notes

Levels and vault maps discovered:
D:4:      layout_basic, okawaru_ov_weapons_minmay, minmay_temple_entry_grid,
          nicolae_ossuary_entry_monument, uniq_duvessa
D:5:      layout_loops_ring, serial_shops, shop
D:6:      minmay_cornered_nines, layout_loops_ring, minmay_door_square,
          kennysheep_cluttered_room

Skill      XL: |  1  2 |
---------------+-------+-----
Spellcasting   | 1 |  1.0
Fighting       | |  3.3
Short Blades   | |  2.0
Dodging        | |  2.4
Stealth        | |  6.9

Action                   || total
-------------------------++-------
Melee: Short sword       ||    18
       Constrict         ||     7
       Flail             ||     4
       Tentacles         ||     2
  Use: Potion            ||     1
 Stab: Sleeping          ||     3
Dodge: Dodged            ||     8
